cohdb
Replays
Latest Replays
All Replays
Popular Replays
Top Player Replays
Match Explorer
How It Works
Community
CoH3 Stats
Reddit
Sign in to upload your games and track your stats! →
Sign in with Steam
Match 46953165
Unlisted
Match 46953165
Overview
Messages
Build Orders
End
Selects Italian Combined Arms Battlegroup
Selects Bersaglieri Squad
Bersaglieri Squad
250 Light Carrier
Bersaglieri Squad
Construct Light Support Kompanie
Bersaglieri Squad
Combat Half-tracks
Fire Support Elements
Selects Bersaglieri Bolster
Veteran Squad Leaders
2.5-tonne Medical Truck
Selects Breda Model 30 Light Machine Guns
Flakvierling Half-track
Panzerjäger Mechanized Group
Construct Panzerarmee Kommand
Emergency Repair Kits
Selects Semovente da 75/18 Assault Gun
Walking Stuka Rocket Launcher
MG34 Team
Bersaglieri Squad
Selects Strafing Run
Strafing Run
Panzer III L Medium Tank
Strafing Run
Panzer III L Medium Tank
Selects Artillery Cover
Strafing Run
Panzer III L Medium Tank
Rapid Advance
Strafing Run
Panzer III L Medium Tank
Panzer III L Medium Tank
Tungsten Core Ammunition
Panzer III L Medium Tank
Flakvierling Half-track
Flakvierling Half-track
Artillery Cover
Panzerjäger Mechanized Group
Panzer III L Medium Tank
Panzer III L Medium Tank
Artillery Cover
Strafing Run
Panzer III L Medium Tank
Artillery Cover
2nd infantry division
Glorb
Konrad Curze
FLOKL
....
JIANHU
Floral Haven.
白洲アズサ
0
0
Comments
sign in to comment!
No comments posted yet!